 Dungeon Sprint DCSS version 0.29-a0-284-gf9362112df (webtiles) character file.

Game seed: 10271133848021330284

5025 mhtbhm the Impaler (level 10, -4/156 HPs)
             Began as a Minotaur Berserker on Mar 27, 2022.
             Was the Champion of Trog.
             Slain by a spriggan rider
             ... wielding a +0 spear
              (17 damage)
             ... in the Dungeon (Sprint IV: "Fedhas' Mad Dash").
             The game lasted 00:02:49 (1729 turns).

mhtbhm the Impaler (Minotaur Berserker)             Turns: 1729, Time: 00:02:50

Health: -4/156     AC: 14    Str: 26    XL:     10   Next: 30%
Magic:  3/3        EV:  9    Int:  4    God:    Trog [******]
Gold:   267        SH:  0    Dex: 10    Spells: 9/9 levels left

rFire   . . .      SeeInvis .   a - +2 glaive (antimagic)
rCold   . . .      Faith    .   (shield currently unavailable)
rNeg    . . .      Spirit   .   b - +2 plate armour {rPois}
rPois   +          Reflect  .   (helmet restricted)
rElec   .          Harm     .   (no cloak)
rCorr   +          Rampage  .   (no gloves)
Will    .....      NoTele   +   (no boots)
Stlth   ..........              i - amulet of invisibility {+Inv}
HPRegen 0.36/turn               j - ring of resist corrosion
MPRegen 0.08/turn               (no ring)

@: berserking, very quick
A: horns 2, retaliatory headbutt
a: Renounce Religion, Evoke Invisibility, Berserk, Trog's Hand, Brothers in Arms


You were in the Dungeon.
You worshipped Trog.
Trog was exalted by your worship.
You visited 1 branch You collected 267 gold pieces.

Inventory:

Hand Weapons
 a - a +2 antimagic glaive (weapon)
 n - a +2 trident of freezing
Armour
 b - a +2 plate armour of poison resistance (worn)
Jewellery
 i - the amulet of invisibility (around neck) {+Inv}
   (You found it in the Dungeon)

   [amulet of nothing]

   +Inv:      It lets you turn invisible.
 j - a ring of resist corrosion (left hand)
 p - an amulet of guardian spirit
Wands
 k - a wand of iceblast (7)
Scrolls
 h - a scroll of blinking
 l - a scroll of brand weapon {unknown}
 o - a scroll of identify {unknown}
Potions
 c - a potion of curing
 d - 2 potions of heal wounds
 e - a potion of haste
 f - 2 potions of magic
 g - a potion of berserk rage
 m - a potion of resistance {unknown}


   Skills:
 + Level 14.3 Fighting
 + Level 16.9 Polearms
 + Level 6.1 Armour
 + Level 7.3 Dodging
 + Level 10.6 Stealth
 + Level 8.4 Evocations


You had 9 spell levels left.
You didn't know any spells.
Your spell library was empty.

Dungeon Overview and Level Annotations

Branches:
Dungeon (1/1)

Altars:
Cheibriados
Dithmenos
Elyvilon
Gozag
Hepliaklqana
Kikubaaqudgha
Makhleb
Nemelex Xobeh
Okawaru
Qazlal
Ru
Sif Muna
Trog
Uskayaw
Vehumet
Wu Jian
Xom
Yredelemnul
Zin
The Shining One
Beogh
Jiyva
Lugonu

Shops:
D *!:=


Innate Abilities, Weirdness & Mutations

You have a pair of horns on your head.
You reflexively headbutt those who attack you in melee.


Message History

You are too injured to fight recklessly!
You are too injured to fight recklessly!
You are too injured to fight recklessly!
You are too injured to fight recklessly!
You are too injured to fight recklessly!
You are too injured to fight recklessly!
You are too injured to fight recklessly!
A red film seems to cover your vision as you go berserk!
You feel yourself moving faster!
You feel mighty! The spriggan rider barely misses you.
You feel a strong urge to attack something.
Things that are here:
a +0 dagger; a +0 robe; a spriggan corpse You miss the spriggan rider.
The spriggan rider is moderately wounded.
The spriggan rider hits you with a +0 spear!!
* * * LOW HITPOINT WARNING * * *
You miss the spriggan rider.
Your headbutt misses the spriggan rider.
The spriggan rider is moderately wounded.
You closely miss the spriggan rider.
The spriggan rider is moderately wounded.
The spriggan rider hits you with a +0 spear!
* * * LOW HITPOINT WARNING * * *
You barely miss the spriggan rider.
Your headbutt misses the spriggan rider.
The spriggan rider is moderately wounded.
The spriggan rider hits you with a +0 spear.
* * * LOW HITPOINT WARNING * * *
You slash the spriggan rider!
The spriggan rider is moderately wounded.
You completely miss the spriggan rider.
Your headbutt misses the spriggan rider.
The spriggan rider is moderately wounded.
The spriggan rider hits you with a +0 spear!
* * * LOW HITPOINT WARNING * * *
You barely miss the spriggan rider.
The spriggan rider is moderately wounded.
The spriggan rider hits you with a +0 spear!
You die...

####################
_.⌠.#..)...#....##∩#
._..'..#...#....'.)#
_...#..###'##...##∩#
._..#..##∩∩.'...#### .
_.⌠.############# ##...
#########......###.....♣
###.'..'....).('@ii..♣
##:.#..#.P.....#######
###.##+##.P....# '...#
######## #####


You could see a spriggan rider and a spriggan.

Vanquished Creatures
  A spriggan druid (D)
  6 oklob plants (D)
  A demonic crawler (D)
  A queen bee (D)
  3 wandering mushrooms (D)
  3 burning bushes (D)
  3 scorpions (D)
  4 killer bees (D)
  5 oklob saplings (D)
  3 spriggans (D)
  A river rat (D)
  A rat (D)
32 creatures vanquished.

Vanquished Creatures (others)
  A ballistomycete spore (D)
1 creature vanquished.

Grand Total: 33 creatures vanquished

Notes
Turn   | Place    | Note
-------+----------+-------------------------------------------
     0 | D        | mhtbhm the Minotaur Berserker began the quest for the Orb.
     0 | D        | Reached XP level 1. HP: 19/19 MP: 0/0
    16 | D        | Reached skill level 4 in Polearms
    16 | D        | Reached XP level 2. HP: 20/28 MP: 1/1
   105 | D        | Noticed an oklob sapling
   106 | D        | Killed an oklob sapling
   106 | D        | Reached ** piety under Trog
   107 | D        | Reached skill level 6 in Polearms
   107 | D        | Reached XP level 3. HP: 37/37 MP: 2/2
   240 | D        | Noticed a scorpion
   240 | D        | Found the amulet of invisibility {+Inv}
   250 | D        | Killed a scorpion
   251 | D        | Reached skill level 7 in Polearms
   251 | D        | Reached XP level 4. HP: 11/47 MP: 3/3
   526 | D        | Found an opulent altar of Gozag.
   526 | D        | Found a hazy altar of Hepliaklqana.
   526 | D        | Found a burning altar of Makhleb.
   526 | D        | Found a sparkling altar of Nemelex Xobeh.
   526 | D        | Found a snail-covered altar of Cheibriados.
   526 | D        | Found a sacrificial altar of Ru.
   526 | D        | Found a shimmering blue altar of Sif Muna.
   526 | D        | Found a shimmering altar of Xom.
   526 | D        | Found a basalt altar of Yredelemnul.
   527 | D        | Found a viscous altar of Jiyva.
   527 | D        | Found a bloodstained altar of Trog.
   527 | D        | Found an ornate altar of the Wu Jian Council.
   528 | D        | Found an iron altar of Okawaru.
   528 | D        | Found a shadowy altar of Dithmenos.
   528 | D        | Found a glowing silver altar of Zin.
   529 | D        | Found an ancient bone altar of Kikubaaqudgha.
   529 | D        | Found a hide-covered altar of Uskayaw.
   530 | D        | Found a stormy altar of Qazlal.
   530 | D        | Found a white marble altar of Elyvilon.
   530 | D        | Found a glowing golden altar of the Shining One.
   531 | D        | Found a corrupted altar of Lugonu.
   531 | D        | Found a radiant altar of Vehumet.
   553 | D        | Reached skill level 8 in Polearms
   553 | D        | Reached skill level 1 in Stealth
   553 | D        | Reached XP level 5. HP: 55/55 MP: 2/4
   684 | D        | Reached *** piety under Trog
   685 | D        | Reached skill level 1 in Evocations
   724 | D        | Reached skill level 9 in Polearms
   728 | D        | Reached XP level 6. HP: 64/64 MP: 5/5
   875 | D        | Found Xixyd's Distillery.
   875 | D        | Found Foh Gosho's General Store.
   884 | D        | Noticed a burning bush
   884 | D        | Noticed a wandering mushroom
   885 | D        | Noticed a wandering mushroom
   896 | D        | Reached skill level 10 in Polearms
   896 | D        | Reached skill level 5 in Armour
   911 | D        | Killed a wandering mushroom
   911 | D        | Reached **** piety under Trog
   912 | D        | Reached skill level 10 in Fighting
   912 | D        | Reached skill level 11 in Polearms
   912 | D        | Reached skill level 5 in Dodging
   912 | D        | Reached XP level 7. HP: 73/73 MP: 6/6
   920 | D        | Killed a wandering mushroom
   921 | D        | Reached skill level 12 in Polearms
   921 | D        | Reached skill level 5 in Stealth
  1037 | D        | Killed a burning bush
  1038 | D        | Reached skill level 13 in Polearms
  1038 | D        | Reached XP level 8. HP: 83/83 MP: 7/7
  1057 | D        | Found Raokhlev's Jewellery Emporium.
  1057 | D        | Found Weomalou's Book Shoppe.
  1250 | D        | Noticed a queen bee
  1262 | D        | Killed a queen bee
  1265 | D        | Reached ***** piety under Trog
  1325 | D        | Noticed an oklob plant
  1333 | D        | Killed an oklob plant
  1334 | D        | Reached skill level 14 in Polearms
  1334 | D        | Reached skill level 5 in Evocations
  1366 | D        | Noticed a burning bush
  1373 | D        | Killed a burning bush
  1374 | D        | Reached XP level 9. HP: 75/92 MP: 8/8
  1444 | D        | Noticed a burning bush
  1444 | D        | Noticed an oklob plant
  1458 | D        | Killed a burning bush
  1459 | D        | Reached skill level 15 in Polearms
  1459 | D        | Noticed a wandering mushroom
  1465 | D        | Killed a wandering mushroom
  1469 | D        | Killed an oklob plant
  1540 | D        | Noticed a spriggan druid
  1545 | D        | Killed a spriggan druid
  1545 | D        | Received a gift from Trog
  1546 | D        | Reached skill level 16 in Polearms
  1597 | D        | Noticed an oklob plant conjurer
  1598 | D        | Killed an oklob plant conjurer
  1650 | D        | Noticed an oklob plant
  1650 | D        | Noticed an oklob plant summoner
  1651 | D        | Noticed an oklob plant shifter
  1656 | D        | Killed an oklob plant
  1657 | D        | Reached skill level 10 in Stealth
  1657 | D        | Reached XP level 10. HP: 103/103 MP: 0/9
  1660 | D        | Killed an oklob plant summoner
  1660 | D        | Reached ****** piety under Trog
  1665 | D        | Killed an oklob plant shifter
  1665 | D        | Received a gift from Trog
  1704 | D        | Noticed a spriggan rider
  1729 | D        | Slain by a spriggan rider

Illustrated notes

Levels and vault maps discovered:
D:        dungeon_sprint_fedhas [sprint_temple]

Skill      XL: |  1  2  3  4  5  6  7  8  9 10 |
---------------+-------------------------------+-----
Fighting       | 4 6 7 8 9 10 11 12 14 | 14.3
Polearms       | 4 6 7 8 9 11 13 14 16 | 16.9
Armour         | 3 4 5 6 |  6.1
Dodging        | 3 4 5 6 7 |  7.3
Stealth        | 1 3 4 6 8 10 | 10.6
Evocations     | 1 2 3 5 7 8 |  8.4

Action                   |  1- 3 |  4- 6 |  7- 9 | 10-12 || total
-------------------------+-------+-------+-------+-------++-------
Melee: Spear             |    20 |    60 |    19 |       ||    99
       Headbutt          |     3 |     1 |     3 |     1 ||     8
       Trident           |       |       |    50 |       ||    50
       Glaive            |       |       |     4 |    33 ||    37
Invok: Berserk           |     1 |     1 |     3 |     1 ||     6
 Abil: Evoke Invisibilit |       |     2 |     6 |       ||     8
 Stab: Sleeping          |     1 |     2 |     4 |       ||     7
       Invisible         |       |     4 |     7 |     1 ||    12
Armor: Plate armour      |       |       |     1 |    11 ||    12
Dodge: Dodged            |    10 |     6 |    10 |     8 ||    34

Table legend: (Time is in decaauts)
 A = Elapsed time spent in this place.
 B = Non-inter-level travel time spent in this place.
 C = Inter-level travel time spent in this place.
 D = Time resting spent in this place.
 E = Time spent auto-exploring this place.
 F = Levels seen in this place.
 G = Mean time per level.
                   A        B        C        D        E       F      G
               +--------+--------+--------+--------+--------+-----+--------+
         Total |   1714 |   1714 |      0 |   1238 |      3 |   1 | 1714.0 |
       Dungeon |   1714 |   1714 |      0 |   1238 |      3 |   1 | 1714.0 |
               +--------+--------+--------+--------+--------+-----+--------+

Top non-repeatable levels by time:
       D: 1714 daAuts
